 Dungeon Crawl Stone Soup version 0.28-a0-1152-g9c71ebef14 (webtiles) character file.

Game seed: 15056335288421688595

7 spaghetti the Sneak (level 1, -1/18 HPs)
             Began as a Mummy Delver on Dec 14, 2021.
             Slain by a hound (3 damage)
             ... on level 6 of the Dungeon.
             The game lasted 00:01:23 (412 turns).

spaghetti the Sneak (Mummy Delver)                   Turns: 412, Time: 00:01:24

Health: -1/18      AC:  4    Str: 15    XL:     1   Next: 91%
Magic:  1/1        EV: 11    Int:  9    God:
Gold:   14         SH:  0    Dex: 13    Spells: 0/0 levels left

rFire   x . .      SeeInvis .   a - +0 falchion {long}
rCold   + . .      Faith    .   (no shield)
rNeg    + + +      Spirit   .   b - +1 leather armour
rPois   ∞          Reflect  .   (no helmet)
rElec   .          Harm     .   (no cloak)
rCorr   .          Rampage  .   (no gloves)
Will    .....                   (no boots)
Stlth   ++........              (no amulet)
HPRegen 0.06/turn               (no ring)
MPRegen 0.07/turn               (no ring)

@: no status effects
A: cold resistance 1, negative energy resistance 3, torment resistance 2, heat
vulnerability 1, no potions
a: no special abilities


You were on level 6 of the Dungeon.
You visited 1 branch of the dungeon, and saw 2 of its levels.

You collected 14 gold pieces.


Innate Abilities, Weirdness & Mutations

You are immune to poison.
Your flesh is cold resistant. (rC+)
You are immune to negative energy. (rN+++)
You are immune to unholy pain and torment.
You are vulnerable to heat. (rF-)
You do not drink.


   Skills:
 + Level 3.5 Fighting
 - Level 1.5 Long Blades
 - Level 1.5 Dodging
 - Level 4.1 Stealth


You couldn't memorise any spells.
You didn't know any spells.
Your spell library contained the following spells:

 Spells                   Type           Power      Damage    Failure   Level
 Gell's Gravitas          Tloc           0%         N/A       83%         3
 Lesser Beckoning         Tloc           0%         N/A       83%         3
 Teleport Other           Tloc           0%         N/A       83%         3
 Freezing Cloud           Conj/Ice/Air   0%         6-21      100%        5
 Simulacrum               Ice/Necr       0%         N/A       100%        6
 Polar Vortex             Ice            0%         N/A       100%        9

Inventory:

Hand Weapons
 a - a +0 falchion (weapon) {long}
Armour
 b - a +1 leather armour (worn)
Magical Staves
 g - a staff of earth {!astaff}
   (You found it on level 5 of the Dungeon)
Wands
 f - a wand of digging (2)
Scrolls
 c - a scroll of fog
 d - a scroll of magic mapping {!r}
 e - a scroll of identify {@r1}

Dungeon Overview and Level Annotations

Branches:
Dungeon (6/15)
 Temple: D:4-7

Altars:
Sif Muna

##### ##. #..@#
##.. #..h# ##...#
#...#
###..#.#######...#
...............####
............###...#
...........## #...#
#..........# #...#
#..........# #...#


You could see a hound.


Message History

A killer bee zombie is nearby!
You can't drink.
Okay, then.
You start resting.
A killer bee zombie is nearby! 😨 HP[+1]
You start resting.
A killer bee zombie is nearby! 😨 HP[+1]
You start resting. 😎 HP[+11]
Your hp is fully restored (18).
Found a stone staircase leading up.
An iguana comes into view.
Found a stone staircase leading up.
You see here 7 gold pieces.
(D) Dungeon
Where to? (Enter - D:6, ? - help)
An iguana is nearby!
There is a stone staircase leading up here.
You climb upwards.
You hear the sound of rushing water.
There is an entrance to a sewer on this level.
Hurry and find it before the portal rusts away!
You hear the brisk rusting of a very distant drain.
Found a scroll labelled EDGHAI EGHI BEP, a dagger and 13 gold pieces.
Found a shimmering blue altar of Sif Muna.
There is a stone staircase leading down here.
Unknown command.
You see here a scroll labelled EDGHAI EGHI BEP.
h - a scroll labelled EDGHAI EGHI BEP The hound barks!
There is a stone staircase leading down here.
The hound bites you. x2
You climb downwards.
There is a stone staircase leading up here. 😮 HP[-6]
You take 6 damage, and now have 12/18 hp.
MASSIVE DAMAGE!! (PAUSE) Unknown command.
Unknown command.
You miss the hound. The hound bites you but does no damage.
The hound closely misses you.
Unknown command.
The hound barely misses you.
You closely miss the hound. The hound bites you. x2
* * * LOW HITPOINT WARNING * * *
😨 HP[-3]
You take 3 damage, and now have 9/18 hp.
You can't drink.
Unknown command.
As you read the scroll labelled EDGHAI EGHI BEP, it crumbles to dust.
It is a scroll of enchant armour.
Your +0 leather armour glows green for a moment.
The hound bites you.
* * * LOW HITPOINT WARNING * * *
😨 HP[-2]
You take 2 damage, and now have 7/18 hp.
Okay, then.
You can't drink.
Okay, then.
Okay, then.
Aiming: Dig
Press: ? - help, Shift-Dir - straight line A rock wall.
The rock shatters into small pieces.
The hound barely misses you. The hound bites you.
* * * LOW HITPOINT WARNING * * *
😨 HP[-1]
You take 1 damage, and now have 6/18 hp.
The hound barely misses you.
There is a stone staircase leading up here. 😨 HP[+1]
You can't drink.
Unknown command.
The hound closely misses you. The hound bites you.
* * * LOW HITPOINT WARNING * * *
😨 HP[-1]
You take 1 damage, and now have 6/18 hp.
The hound closely misses you. The hound bites you.
* * * LOW HITPOINT WARNING * * *
😱 HP[-2]
You take 2 damage, and now have 4/18 hp.
Okay, then.
You can't drink.
Okay, then.
The hound barely misses you.
You closely miss the hound. The hound bites you but does no damage.
The hound barely misses you.
You barely miss the hound. The hound bites you but does no damage.
The hound bites you.
* * * LOW HITPOINT WARNING * * *
😱 HP[-3]
You take 3 damage, and now have 1/18 hp.
Unknown command.
Unknown command.
The hound bites you but does no damage.
You closely miss the hound. The hound bites you.
You die...

Action                   || total
-------------------------++-------
Melee: Falchion          ||    17
Evoke: Wand              ||     1
  Use: Scroll            ||     3
 Stab: Sleeping          ||     1
Armor: Leather armour    ||     5
Dodge: Dodged            ||    19

Levels and vault maps discovered:
D:5:      layout_rooms, mainiacjoe_overflow_tiny_flanked, portal_sewer_entry_e,
          uniq_eustachio
D:6:      layout_rooms, mainiacjoe_overflow_big_doors

Notes
Turn   | Place    | Note
-------+----------+-------------------------------------------
     0 | D:5      | spaghetti the Mummy Delver began the quest for the Orb.
     0 | D:5      | Reached XP level 1. HP: 18/18 MP: 1/1
     0 | D:5      | magus.rc [v1.9.6]
    23 | D:5      | Noticed an iguana
    61 | D:5      | You pick up a book of Ice and begin reading...
    61 | D:5      | You add the spells Freezing Cloud, Simulacrum and Polar
                  | Vortex to your library.
    86 | D:6      | You pick up a book of Displacement and begin reading...
    86 | D:6      | You add the spells Lesser Beckoning, Gell's Gravitas and
                  | Teleport Other to your library.
   122 | D:6      | HP: 3/18 [shadow imp (3)]
   375 | D:6      | Noticed an iguana
   380 | D:5      | Noticed a hound
   380 | D:5      | Noticed an ice beast
   380 | D:5      | Found a shimmering blue altar of Sif Muna.
   404 | D:6      | HP: 4/18 [hound (2)]
   408 | D:6      | HP: 1/18 [hound (3)]
   412 | D:6      | Slain by a hound

Vanquished Creatures
  A shadow imp (D:6)
1 creature vanquished.

Table legend:
 A = Non-vault XP
 B = Vault XP
 C = Vault XP percentage of total XP
 D = Non-vault monster count
 E = Vault monster count
 F = Vault count percentage of total count
                 A         B        C        D         E       F
            +---------+---------+-------+---------+---------+-------
      Total |      11 |       0 |   0.0 |       1 |       0 |   0.0
            +---------+---------+-------+---------+---------+-------
        D:6 |      11 |       0 |   0.0 |       1 |       0 |   0.0
            +---------+---------+-------+---------+---------+-------

Illustrated notes

Table legend:
 A = Kills in this place as a percentage of kills in entire the game.
 B = Kills by you in this place as a percentage of kills by you in the entire game.
 C = Kills by friends in this place as a percentage of kills by friends in the entire game.
 D = Other kills in this place as a percentage of other kills in the entire game.
 E = Experience gained in this place as a percentage of experience gained in the entire game.
 F = Experience gained in this place divided by the number of levels of this place that you have seen.
                   A       B       C       D       E      F
               +-------+-------+-------+-------+-------+----------------------
         Total | 100.0 | 100.0 |   N/A |   N/A | 100.0 |   5.5
       Dungeon | 100.0 | 100.0 |   N/A |   N/A | 100.0 |   5.5
               +-------+-------+-------+-------+-------+----------------------

Table legend: (Time is in decaauts)
 A = Elapsed time spent in this place.
 B = Non-inter-level travel time spent in this place.
 C = Inter-level travel time spent in this place.
 D = Time resting spent in this place.
 E = Time spent auto-exploring this place.
 F = Levels seen in this place.
 G = Mean time per level.
                   A        B        C        D        E       F      G
               +--------+--------+--------+--------+--------+-----+--------+
         Total |    416 |    409 |      7 |    230 |     75 |   2 |  208.0 |
       Dungeon |    416 |    409 |      7 |    230 |     75 |   2 |  208.0 |
               +--------+--------+--------+--------+--------+-----+--------+

Top non-repeatable levels by time:
     D:6: 339 daAuts
     D:5: 76 daAuts
